 Dungeon Crawl Stone Soup version 0.26.1-11-gd32895ea62 (webtiles) character file.

Game seed: 17869781754518375223

11318 seveneves the Carver (level 11, -6/97 HPs)
             Began as a Minotaur Fighter on July 23, 2021.
             Was an Elder of Wu Jian.
             Killed by mirror damage (10 damage)
             ... on level 12 of the Dungeon.
             The game lasted 00:55:30 (7746 turns).

seveneves the Carver (Minotaur Fighter)             Turns: 7746, Time: 00:55:30

Health: -6/97      AC: 20    Str: 30    XL:     11   Next: 47%
Magic:  10/10      EV: 10    Int:  3    God:    Wu Jian [****..]
Gold:   387        SH: 13    Dex: 10    Spells: 10/10 levels left

rFire    . . .     SeeInvis .   p - +7 scimitar (drain)
rCold    + . .     Faith    .   h - +0 kite shield
rNeg     . . .     Spirit   .   t - +3 chain mail {rC+}
rPois    .         Reflect  .   (helmet restricted)
rElec    .         Harm     .   (no cloak)
rCorr    .         Rampage  .   (no gloves)
Will     +....                  v - +2 pair of boots {Stlth+}
Stlth    ..........             e - amulet of magic regeneration
HPRegen  0.66/turn              n - +6 ring of strength
MPRegen  0.37/turn              y - ring of willpower

@: mighty, about to teleport
A: retaliatory headbutt, horns 2, thin metallic scales 1, dopey 1, regeneration
1, evolution 1, subdued magic 1, MP-powered wands
a: Renounce Religion, Wall Jump, Serpent's Lash


You were on level 12 of the Dungeon.
You worshipped Wu Jian.
Wu Jian was greatly pleased with you.
You visited 2 branches of the dungeon, and saw 13 of its levels.
You also visited: Ossuary.

You collected 604 gold pieces.
You spent 217 gold pieces at shops.

Inventory:

Hand Weapons
 l - a +4 long sword
 o - a +1 whip of freezing
 p - a +7 scimitar of draining (weapon)
 s - a +0 long sword
Armour
 f - a +2 plate armour
 h - a +0 kite shield (worn)
 t - a +3 chain mail of cold resistance (worn)
 v - a +2 pair of boots of stealth (worn)
Jewellery
 e - an amulet of magic regeneration (around neck)
 m - an uncursed ring of see invisible
 n - a +6 ring of strength (left hand)
 y - a ring of willpower (right hand)
 B - an uncursed ring of magical power
Scrolls
 a - 7 scrolls of remove curse
 g - 4 scrolls of identify
 i - 4 scrolls of teleportation
 q - 4 scrolls of magic mapping
 x - a scroll of amnesia
Potions
 c - 2 potions of brilliance
 j - 3 potions of heal wounds
 k - 2 potions of curing
 r - 3 potions of flight
 w - 2 potions of haste
 z - 2 potions of ambrosia
 A - a potion of cancellation


   Skills:
 + Level 9.3 Fighting
 + Level 13.8 Long Blades
 + Level 9.9 Armour
 + Level 4.5 Dodging
 + Level 0.2 Stealth
 + Level 10.5 Shields


You had 10 spell levels left.
You didn't know any spells.
Your spell library contained the following spells:

 Spells                   Type           Power        Failure   Level
 Magic Dart               Conj           0%           99%         1
 Shock                    Conj/Air       0%           99%         1
 Searing Ray              Conj           0%           99%         2
 Swiftness                Air            0%           99%         2
 Confusing Touch          Hex            0%           100%        3
 Dazzling Flash           Conj/Hex       0%           100%        3
 Gell's Gravitas          Tloc           0%           100%        3
 Static Discharge         Conj/Air       0%           100%        3
 Airstrike                Air            0%           100%        4
 Fulminant Prism          Conj/Hex       0%           100%        4
 Iskenderun's Mystic Bla  Conj/Tloc      0%           100%        4
 Petrify                  Tmut/Erth      0%           100%        4
 Lightning Bolt           Conj/Air       0%           100%        5
 Metabolic Englaciation   Hex/Ice        0%           100%        5
 Yara's Violent Unravell  Hex/Tmut       0%           100%        5


Dungeon Overview and Level Annotations

Branches:
Dungeon (12/15)            Temple (1/1) D:5            Lair (0/6) D:11
    Orc (0/2) D:10        Ossuary (visited)

Altars:
Ashenzari
Cheibriados
Dithmenos
Elyvilon
Fedhas
Gozag
Hepliaklqana
Okawaru
Qazlal
Sif Muna
Trog
Uskayaw
Vehumet
Wu Jian
Yredelemnul

Shops:
D:9 :=[*[   D:12 ?


Innate Abilities, Weirdness & Mutations

You reflexively headbutt those who attack you in melee.
You have a pair of horns on your head.
You are partially covered in thin metallic scales. (AC +2)
You are dopey. (Int -2)
Your natural rate of healing is unusually fast.
You evolve.
Your spells are a little easier to cast, but a little less powerful.
You expend magic power (3 MP) to strengthen your wands.


Message History

* * * LOW HITPOINT WARNING * * *
The skeletal warrior hits you from afar with a +0 trident!
* * * LOW HITPOINT WARNING * * *
The freezing wraith hits you but does no damage.
You block the freezing wraith's attack. The death knight closely misses you.
Okay, then.
As you read the scroll of teleportation, it crumbles to dust.
You feel strangely unstable.
The skeletal warrior hits you from afar with a +0 trident!
* * * LOW HITPOINT WARNING * * *
The freezing wraith hits you but does no damage. x2
You hit the freezing wraith.
The freezing wraith is moderately damaged.
You block the death knight's attack. You block the freezing wraith's attack.
The freezing wraith barely misses you.
Unknown command.
You closely miss the death knight. You headbutt the death knight!
The death knight is almost dead.
The death knight reflects your damage back at you!
You die...

# ########### # ####
#####.........#### .....
#.............[..#
...>.W#W###.........##.#
.....rp@# #.........##.'
.....z### #.........####
..).. #...).....# # ....
#.()).....# #+#
###)####### #...# ###.#
###.######
#####........###


You could see a death knight (reflects damage), a skeletal warrior, 2 freezing
wraiths and a quokka.

Vanquished Creatures
  A two-headed ogre (D:12)
  Sonja (D:11)
  Pikel (D:4)
  A deep elf mage (D:12)
  2 centaur zombies (D:10)
  A freezing wraith (D:12)
  3 trolls
  A shadow (D:12)
  A wraith (D:10)
  8 yaks
  A wyvern (D:11)
  A steam dragon (D:9)
  2 vampire mosquitoes (D:12)
  A soldier ant (D:12)
  A water moccasin (D:10)
  2 orc warriors
  6 ice beasts
  A black bear (D:7)
  5 ogres
  3 phantoms
  2 centaurs
  3 lemures (D:4)
  5 big kobolds
  3 gnoll sergeants (D:10)
  8 bullfrogs
  A wyvern skeleton (D:9)
  2 scorpions (D:4)
  19 killer bees
  21 wights
  An electric eel (D:6)
  3 howler monkeys
  2 bullfrog zombies
  3 jellies
  A quasit (D:9)
  A bullfrog skeleton (D:4)
  3 orc wizards
  An orc priest (D:7)
  3 hounds
  A centaur skeleton (D:10)
  9 worker ants
  3 iguanas
  A killer bee zombie (D:7)
  2 hound skeletons
  13 mummies (Ossuary)
  A worker ant zombie (D:5)
  9 gnolls
  A howler monkey skeleton (D:4)
  4 adders
  A shadow imp (D:9)
  A white imp (D:8)
  2 ufetubi
  3 oozes
  2 adder skeletons
  A worm (D:3)
  2 leopard geckos
  32 orcs
  8 giant cockroaches
  4 goblins
  3 hobgoblins
  7 jackals
  3 quokkas
  3 ball pythons
  3 bats
  3 frilled lizards
  2 gnoll skeletons (Ossuary)
  3 goblin skeletons (Ossuary)
  A jackal skeleton (D:5)
  14 kobolds
  2 kobold skeletons (Ossuary)
  An orc skeleton (Ossuary)
  A quokka skeleton (D:7)
  A quokka zombie (D:7)
  12 rats
  11 rat skeletons (Ossuary)
295 creatures vanquished.

Notes
Turn   | Place    | Note
-------+----------+-------------------------------------------
     0 | D:1      | seveneves the Minotaur Fighter began the quest for the Orb.
     0 | D:1      | Reached XP level 1. HP: 19/19 MP: 0/0
   287 | D:1      | Reached XP level 2. HP: 27/27 MP: 1/1
   717 | D:2      | You fall into a shaft and drop 1 floor!
   863 | D:3      | Reached XP level 3. HP: 33/33 MP: 2/2
   867 | D:3      | Found a hide-covered altar of Uskayaw.
  1156 | D:3      | Reached skill level 3 in Long Blades
  1156 | D:3      | Reached XP level 4. HP: 37/41 MP: 3/3
  1171 | D:3      | Reached skill level 4 in Long Blades
  1171 | D:3      | Reached XP level 5. HP: 27/47 MP: 4/4
  1269 | D:3      | Reached skill level 5 in Shields
  1386 | D:4      | Noticed a lemure
  1390 | D:4      | Reached skill level 5 in Armour
  1390 | D:4      | Reached XP level 6. HP: 54/55 MP: 5/5
  1412 | D:4      | Noticed Pikel
  1419 | D:4      | Killed Pikel
  1420 | D:4      | Reached skill level 5 in Fighting
  1420 | D:4      | Reached skill level 6 in Long Blades
  1420 | D:4      | Reached XP level 7. HP: 39/61 MP: 6/6
  1617 | D:4      | Found a shadowy altar of Dithmenos.
  1693 | D:4      | Reached skill level 7 in Long Blades
  1737 | D:4      | Reached XP level 8. HP: 68/70 MP: 7/7
  2164 | D:5      | Entered Level 5 of the Dungeon
  2179 | D:5      | Gained mutation: You evolve. [potion of mutation]
  2179 | D:5      | Gained mutation: You are dopey. (Int -2) [potion of
                  | mutation]
  2179 | D:5      | Gained mutation: Your natural rate of healing is unusually
                  | fast. [potion of mutation]
  2541 | D:5      | Gained mutation: You expend magic power (3 MP) to
                  | strengthen your wands. [evolution]
  2590 | D:5      | Found a snail-covered altar of Cheibriados.
  2593 | D:5      | Found a staircase to the Ecumenical Temple.
  2599 | Temple   | Entered the Ecumenical Temple
  2664 | Temple   | Became a worshipper of the Wu Jian Council
  3261 | D:5      | Found a broken altar of Ashenzari.
  3353 | D:6      | Reached skill level 8 in Long Blades
  3811 | D:6      | Gained mutation: Your spells are a little easier to cast,
                  | but a little less powerful. [evolution]
  3938 | D:7      | Reached skill level 9 in Long Blades
  3970 | D:7      | Reached XP level 9. HP: 78/78 MP: 8/8
  3988 | D:7      | Reached * piety under Wu Jian
  4523 | D:7      | Found a sand-covered staircase.
  4529 | Ossuary  | Entered an ossuary
  4615 | Ossuary  | Reached ** piety under Wu Jian
  5113 | D:8      | Reached skill level 10 in Long Blades
  5252 | D:8      | Gained mutation: You are partially covered in thin metallic
                  | scales. (AC +2) [evolution]
  5318 | D:8      | Reached skill level 11 in Long Blades
  5320 | D:8      | Reached *** piety under Wu Jian
  5504 | D:9      | Reached skill level 1 in Dodging
  5504 | D:9      | Found Vutaigo's Antique Armour Boutique.
  5513 | D:9      | Bought a pair of glowing boots for 217 gold pieces
  5543 | D:9      | Reached XP level 10. HP: 88/88 MP: 9/9
  5577 | D:9      | Found Urghod's Armour Shop.
  5708 | D:9      | Found Hiryppug's General Store.
  5782 | D:9      | Found an iron altar of Okawaru.
  5860 | D:9      | Found Jeyghed's Book Boutique.
  5930 | D:9      | Found Vixar's Jewellery Shoppe.
  6011 | D:10     | Entered Level 10 of the Dungeon
  6034 | D:10     | Reached skill level 12 in Long Blades
  6060 | D:10     | Reached **** piety under Wu Jian
  6178 | D:10     | Found a staircase to the Orcish Mines.
  6213 | D:10     | Reached skill level 13 in Long Blades
  6327 | D:10     | Reached ***** piety under Wu Jian
  6385 | D:10     | Found a blossoming altar of Fedhas.
  6709 | D:11     | Reached XP level 11. HP: 94/95 MP: 10/10
  6841 | D:11     | Noticed Sonja
  6855 | D:11     | Killed Sonja
  6856 | D:11     | Reached skill level 10 in Shields
  7096 | D:11     | Found a staircase to the Lair.
  7475 | D:12     | Found Pudoos's Magic Scroll Shoppe.
  7521 | D:12     | Noticed a deep elf mage
  7532 | D:12     | Killed a deep elf mage
  7637 | D:12     | Noticed a two-headed ogre
  7640 | D:12     | Killed a two-headed ogre
  7728 | D:12     | Noticed a skeletal warrior
  7730 | D:12     | Noticed a death knight
  7744 | D:12     | HP: 4/97 [skeletal warrior/+0 trident[a death knight] (7)]
  7746 | D:12     | Killed by mirror damage

Illustrated notes

Levels and vault maps discovered:
D:1:      arrival_zaba_pyramid, layout_loops_ring, minmay_curled_crystal,
          dk_noncrumbling_2
D:2:      minmay_alternating_diamond, layout_basic,
          chequers_temple_overflow_minitemple, chequers_serial_rivers_small_3,
          kennysheep_minor_cross, kennysheep_crisscross, tgw_trog
D:3:      layout_basic, eat_drink_and_be_merry_uskayaw, minmay_stone_trees_small
D:4:      layout_basic, grunt_dithmenos_shadows, uniq_pikel
D:5:      layout_basic, grunt_temple_overflow_champion_of_chaos,
          chequers_temple_overflow_statue_of_worship, minmay_temple_entry_hall
D:6:      layout_cave_pools, kennysheep_donut
D:7:      layout_loops_corners, nicolae_ossuary_entry_false_entrances
D:8:      layout_rooms
D:9:      layout_roguey, okawaru_ov_weapons_minmay, marbit_many_paths,
          serial_shops, nicolae_shop_waterfront, shop_statue,
          nicolae_shop_trees, shop, nicolae_shop_trees,
          minmay_misc_feat_nine_boxes
D:10:     layout_cave_pools, kennysheep_orc_monster_closet_entryway,
          fedhas_altar_4
D:11:     layout_long_grid, lair_entry_dummy, uniq_sonja
D:12:     layout_roguey, serial_shops, kennysheep_little_box, grunt_ogre_cave
Temple:   jpeg_temple_island

Skill      XL: |  1  2  3  4  5  6  7  8  9 10 11 |
---------------+----------------------------------+-----
Fighting       | 4 5 6 7 8 9 |  9.3
Shields        | 4 5 6 7 8 9 10 | 10.5
Armour         | 4 5 6 7 8 9 |  9.9
Long Blades    | 3 4 6 7 9 11 13 | 13.8
Dodging        | 1 3 4 |  4.5
Stealth        | |  0.2

Action                   |  1- 3 |  4- 6 |  7- 9 | 10-12 || total
-------------------------+-------+-------+-------+-------++-------
Melee: Long sword        |    83 |       |       |       ||    83
       Headbutt          |    13 |     4 |    64 |    50 ||   131
       Scimitar          |       |    45 |   306 |   294 ||   645
Invok: Lunge             |       |       |    21 |    22 ||    43
       Whirlwind         |       |       |     2 |     8 ||    10
       Serpent's Lash    |       |       |     1 |       ||     1
       Heavenly Storm    |       |       |       |     1 ||     1
  Use: Potion            |       |     2 |     7 |     7 ||    16
       Scroll            |       |       |    16 |    15 ||    31
Armor: Plate armour      |    49 |    23 |    86 |       ||   158
       Scale mail        |     1 |       |       |       ||     1
       Chain mail        |       |       |    45 |    97 ||   142
       Skin              |       |       |       |   110 ||   110
Dodge: Dodged            |    13 |     6 |    49 |    66 ||   134
Block: Kite shield       |    35 |    28 |   144 |   223 ||   430
       Rpst.: Long sword |     3 |       |       |       ||     3
       Scimitar          |       |     1 |     8 |    14 ||    23
